 Dungeon Crawl Stone Soup version 0.28.0 (webtiles) character file.

Game seed: 17581742663945271720

23 GrayStillPlays the Conjurer (level 2, -3/27 HPs)
             Began as an Octopode Conjurer on Feb 7, 2022.
             Slain by a gnoll (6 damage)
             ... on level 2 of the Dungeon.
             The game lasted 00:01:56 (838 turns).

GrayStillPlays the Conjurer (Octopode Conjurer)      Turns: 838, Time: 00:01:57

Health: -3/27      AC:  1    Str:  6    XL:     2   Next: 95%
Magic:  2/5        EV: 13    Int: 20    God:
Gold:   48         SH:  0    Dex: 10    Spells: 4/5 levels left

rFire   . . .      SeeInvis .   c - +0 long sword {long}
rCold   . . .      Faith    .   (no shield)
rNeg    . . .      Spirit   .   (helmet restricted)
rPois   .          Reflect  .   (no amulet)
rElec   .          Harm     .   (no ring)
rCorr   .          Rampage  .   (no ring)
Will    .....                   (no ring)
Stlth   ..........              (no ring)
HPRegen 0.09/turn               (no ring)
MPRegen 0.09/turn               (no ring)
                                (no ring)
                                (no ring)

@: berserking, very quick
A: almost no armour, amphibious, 8 rings, camouflage 1, gelatinous body 1,
(nimble swimmer 1), tentacles
a: no special abilities


You were on level 2 of the Dungeon.
You visited 1 branch of the dungeon, and saw 2 of its levels.

You collected 48 gold pieces.


Innate Abilities, Weirdness & Mutations

You cannot wear most types of armour.
You are amphibious.
You can wear up to eight rings at the same time.
Your skin changes colour to match your surroundings (Stealth+).
Your rubbery body absorbs attacks. (AC +1, EV +1)
((You are camouflaged when in or above water. (Stealth+)))
You have tentacles for arms and can constrict up to eight enemies at once.


   Skills:
 + Level 1.2 Fighting
 - Level 2.0 Dodging
 - Level 2.6 Stealth
 + Level 2.4 Spellcasting
 + Level 4.2 Conjurations


You had 4 spell levels left.
You knew the following spells:

 Your Spells              Type           Power      Damage    Failure   Level
a - Magic Dart            Conj           76%        1d6       2%          1

Your spell library contained the following spells:

 Spells                   Type           Power      Damage    Failure   Level
 Searing Ray              Conj           38%        2d5       4%          2
 Shock                    Conj/Air       44%        1d5       6%          1
 Dazzling Flash           Conj/Hex       22%        N/A       19%         3
 Swiftness                Air            2%         N/A       41%         3
 Fulminant Prism          Conj/Hex       5%         3d7       52%         4
 Iskenderun's Mystic Bla  Conj/Tloc      11%        2d4       52%         4
 Airstrike                Air            1%         N/A       83%         4

Inventory:

Hand Weapons
 c - a +0 long sword (weapon) {long}
   (You found it on level 1 of the Dungeon)
Missiles
 d - 23 stones {throwing}
Scrolls
 a - a scroll of noise {unknown}
Potions
 e - a potion of lignification {unknown}

Dungeon Overview and Level Annotations

Branches:
Dungeon (2/15)

Altars:

#.....###.......# #...#
#...............# ##'##
#............g..# #.#
#...............# #.#
#####.####..........#####'###
....#.# ####...g......g....#
###.#.# ##'#g###........#
#...# #.#.# #........#
###.##### #.#@# #........#
#.....# #.#.# ######'###
#.###.# #.#g# #)# #.#
#.####.#.########.# #.#
#....#.#........#.#
#.####..<#.#........'.#
#.##.......#........###
#.##.##..#.#.#+######
#.##.##..#<#.#


You could see 4 gnolls.


Message History

a +0 helmet; a rat corpse; 😎 MP[+2]
Your mp is fully restored (5).
There is a stone staircase leading down here.
Found a stone staircase leading down.
Done exploring.
Done exploring.
There is a stone staircase leading down here.
You climb downwards.
Found a stone staircase leading up.
There is a stone staircase leading up here.
A rat and a kobold come into view.
The magic dart hits the kobold.
You kill the kobold! 😎 MP[-1]
You lost 1 mp, and now have 4/5 mp.
The magic dart hits the rat.
You kill the rat! 😎 MP[-1]
You lost 1 mp, and now have 3/5 mp.
d - 23 stones {throwing} (gained 5)
Things that are here:
a +0 dagger {short}; a kobold corpse 😎 MP[+2]
Your mp is fully restored (5).
You open the door.
There is an open door here.
An endoplasm comes into view.
The magic dart hits the endoplasm. 😎 MP[-1]
You lost 1 mp, and now have 4/5 mp.
An endoplasm is nearby!
The magic dart hits the endoplasm. 😎 MP[-1]
You lost 1 mp, and now have 3/5 mp.
The magic dart hits the endoplasm.
You kill the endoplasm! 😎 MP[-1]
You lost 1 mp, and now have 2/5 mp.
There is an open door here.
There is an open door here.
There is an open door here.
There is an open door here.
There is an open door here.
You open the door.
A goblin comes into view. It is wielding a +0 club. 😎 MP[+3]
Your mp is fully restored (5).
The magic dart hits the goblin.
The goblin shouts! 😎 MP[-1]
You lost 1 mp, and now have 4/5 mp.
The magic dart hits the goblin.
You kill the goblin! 😎 MP[-1]
You lost 1 mp, and now have 3/5 mp.
A gnoll comes into view. It is wielding a +0 spear.
The magic dart hits the gnoll. 😎 MP[-1]
You lost 1 mp, and now have 2/5 mp.
The magic dart hits the gnoll. 😎 MP[-1]
You lost 1 mp, and now have 1/5 mp.
The magic dart hits the gnoll.
A gnoll comes into view. It is wielding a +0 club. 😎 MP[-1]
You lost 1 mp, and now have 0/5 mp.
There is an open door here.
Things that are here:
a +0 club {mace}; a goblin corpse Clearing level map.
You close the door.
A gnoll breaks down the door. 😎 MP[+1]
The gnoll hits you from afar with a +0 spear! 😮 HP[-7]
You take 7 damage, and now have 11/18 hp.
MASSIVE DAMAGE!! (PAUSE)
You open the door.
The gnoll hits you from afar with a +0 spear.
* * * LOW HITPOINT WARNING * * *
😨 HP[-2]
You take 2 damage, and now have 9/18 hp.
The gnoll hits you from afar with a +0 spear!
* * * LOW HITPOINT WARNING * * *
There is an open door here. 😱 HP[-8]
You take 8 damage, and now have 1/18 hp.
MASSIVE DAMAGE!! (PAUSE) 😱 MP[+1]
A gnoll comes into view. It is wielding a +0 halberd. 😱 HP[+1]
The gnoll shouts!
A gnoll comes into view. It is wielding a +0 whip.
The gnoll barely misses you.
It was a potion of berserk rage.
A red film seems to cover your vision as you go berserk!
You feel yourself moving faster!
You feel mighty!
The gnoll shouts!
The gnoll closely misses you.
The gnoll hits you from afar with a +0 halberd.
You die...

Skill      XL: |  1  2 |
---------------+-------+-----
Fighting       | 1 |  1.2
Dodging        | |  2.0
Stealth        | |  2.6
Spellcasting   | |  2.4
Conjurations   | |  4.2

Action                   || total
-------------------------++-------
 Cast: Magic Dart        ||    36
  Use: Potion            ||     1
Armor: Skin              ||     1
Dodge: Dodged            ||     4

Levels and vault maps discovered:
D:1:      beargit_arrival_greenhouse, layout_rooms
D:2:      layout_basic, roderic_roman_lattice, uniq_sigmund

Notes
Turn   | Place    | Note
-------+----------+-------------------------------------------
     0 | D:1      | GrayStillPlays the Octopode Conjurer began the quest for
                  | the Orb.
     0 | D:1      | Reached XP level 1. HP: 11/11 MP: 3/3
     0 | D:1      | magus.rc [v1.9.6]
   171 | D:1      | Reached XP level 2. HP: 18/18 MP: 3/5
   228 | D:1      | You pick up a book of Air and begin reading...
   228 | D:1      | You add the spells Shock, Swiftness and Airstrike to your
                  | library.
   355 | D:1      | Reached skill level 1 in Fighting
   826 | D:2      | HP: 1/18 [gnoll (8)]
   838 | D:2      | Slain by a gnoll

Vanquished Creatures
  A dart slug (D:1)
  2 ball pythons (D:1)
  3 bats (D:1)
  An endoplasm (D:2)
  A giant cockroach (D:1)
  2 goblins
  A hobgoblin (D:1)
  A frilled lizard (D:1)
  5 kobolds
  4 rats
21 creatures vanquished.

Table legend:
 A = Non-vault XP
 B = Vault XP
 C = Vault XP percentage of total XP
 D = Non-vault monster count
 E = Vault monster count
 F = Vault count percentage of total count
                 A         B        C        D         E       F
            +---------+---------+-------+---------+---------+-------
      Total |      33 |       0 |   0.0 |      21 |       0 |   0.0
            +---------+---------+-------+---------+---------+-------
        D:1 |      27 |       0 |   0.0 |      17 |       0 |   0.0
        D:2 |       6 |       0 |   0.0 |       4 |       0 |   0.0
            +---------+---------+-------+---------+---------+-------

Illustrated notes

Table legend:
 A = Kills in this place as a percentage of kills in entire the game.
 B = Kills by you in this place as a percentage of kills by you in the entire game.
 C = Kills by friends in this place as a percentage of kills by friends in the entire game.
 D = Other kills in this place as a percentage of other kills in the entire game.
 E = Experience gained in this place as a percentage of experience gained in the entire game.
 F = Experience gained in this place divided by the number of levels of this place that you have seen.
                   A       B       C       D       E      F
               +-------+-------+-------+-------+-------+----------------------
         Total | 100.0 | 100.0 |   N/A |   N/A | 100.0 |  16.5
       Dungeon | 100.0 | 100.0 |   N/A |   N/A | 100.0 |  16.5
               +-------+-------+-------+-------+-------+----------------------

Table legend: (Time is in decaauts)
 A = Elapsed time spent in this place.
 B = Non-inter-level travel time spent in this place.
 C = Inter-level travel time spent in this place.
 D = Time resting spent in this place.
 E = Time spent auto-exploring this place.
 F = Levels seen in this place.
 G = Mean time per level.
                   A        B        C        D        E       F      G
               +--------+--------+--------+--------+--------+-----+--------+
         Total |    837 |    831 |      6 |      0 |    714 |   2 |  418.5 |
       Dungeon |    837 |    831 |      6 |      0 |    714 |   2 |  418.5 |
               +--------+--------+--------+--------+--------+-----+--------+

Top non-repeatable levels by time:
     D:1: 653 daAuts
     D:2: 183 daAuts
